cohdb
Replays
Latest Replays
All Replays
Popular Replays
Top Player Replays
Match Explorer
How It Works
Community
CoH3 Stats
Reddit
Sign in to upload your games and track your stats! →
Sign in with Steam
Match 44361295
Unlisted
Match 44361295
Overview
Messages
Build Orders
End
Royal Engineer Section
Selects Air and Sea Battlegroup
Construct Section Command Post
Vickers Machine Gun Team
Infantry Section
Vickers Machine Gun Team
ML 3-inch Mortar Team
Selects Supply Surplus
Construct Resource Cache
Construct Resource Cache
Construct Platoon Command Post
Infantry Section
Infantry Section
Selects UNKNOWN (223837)
Construct Resource Cache
Selects Commando Section Paradrop
Selects M1 Pack Howitzer Paradrop
Construct Resource Cache
Construct Company Command Post
Centaur IV Medium Tank
Selects Assault Flares
Grenade Package
Unlock Towed 17-pounder Anti-tank Guns
Crusader II Medium Tank
Selects Incendiary Bombing Run
17-pounder Anti-tank Gun Team
Selects Incendiary Bombing Run
Assault Flares
Incendiary Bombing Run
robwarrior
La paste
0
0
Comments
sign in to comment!
No comments posted yet!